 Dungeon Crawl Stone Soup version 0.17-a0-1731-g129c023 (webtiles) character file.

62 Goblin1989 the Scratcher (level 3, -1/15 HPs)
             Began as a Felid Transmuter on Aug 29, 2015.
             Slain by a gnoll
             ... wielding a +0 spear
              (5 damage)
             ... on level 2 of the Dungeon.
             The game lasted 00:06:05 (2023 turns).

Goblin1989 the Scratcher (Felid Transmuter)         Turns: 2023, Time: 00:06:05

Health: -1/15      AC:  1    Str:  6    XL:     3   Next: 85%
Magic:  7/7        EV: 18    Int: 14    God:
Gold:   138        SH:  0    Dex: 17    Spells: 2 memorised, 3 levels left
                                        Lives:  0   Deaths: 0

rFire  . . .     SeeInvis +       - Unarmed
rCold  . . .     Clarity  .     (armour unavailable)
rNeg   . . .     SustAt   .     (shield unavailable)
rPois  .         Gourm    .     (helmet unavailable)
rElec  .         Spirit   .     (cloak unavailable)
rCorr  .         Warding  .     (gloves unavailable)
rMut   .         Stasis   .     (boots unavailable)
MR     .....                    (no amulet)
Stlth  +++.......               (no ring)
                                (no ring)

@: appendage (expiring), slowed, slow, not resistant to hostile enchantments,
fairly stealthy
A: no armour, no weapons or thrown items, claws 1, fangs 3, horns 2, see
invisible, carnivore 3, speed 1, shaggy fur 1, slow metabolism 1, sharp paws
a: End Transformation


You were on level 2 of the Dungeon.
You were very full.
You had grown temporary horns.
You visited 1 branch of the dungeon, and saw 2 of its levels.

You collected 138 gold pieces.

Inventory:

Missiles
 a - 80 arrows
Scrolls
 e - a scroll of remove curse {unknown}
 g - a scroll of random uselessness {unknown}
 i - a scroll of recharging {unknown}
 k - a scroll of magic mapping {unknown}
 l - a scroll of teleportation {unknown}
Potions
 d - a potion of might
 f - a potion of haste {unknown}
 h - a potion of poison {unknown}
 m - a potion of heal wounds {unknown}
Books
 b - a book of Changes

   Spells                             Type                      Level
   a - Beastly Appendage              Transmutation                1
   b - Sticks to Snakes               Transmutation                2
   c - Spider Form                    Transmutation/Poison         3
   d - Ice Form                       Ice/Transmutation            4
   e - Blade Hands                    Transmutation                5
Comestibles
 c - 2 meat rations
 j - a beef jerky


   Skills:
 - Level 1.0 Fighting
 - Level 2.6 Dodging
 + Level 3.2 Stealth
 * Level 4.1 Unarmed Combat
 - Level 2.0 Spellcasting
 - Level 2.1 Transmutations


You had 3 spell levels left.
You knew the following spells:

 Your Spells              Type           Power        Failure   Level  Hunger
a - Beastly Appendage     Trmt           #.....       12%         1    ##.....
b - Sticks to Snakes      Trmt           #.........   17%         2    ###....


Dungeon Overview and Level Annotations

Branches:
Dungeon (2/15)

Altars:
Cheibriados


Innate Abilities, Weirdness & Mutations

You cannot wear armour.
You are incapable of wielding weapons or throwing items.
You have sharp claws.
You have razor-sharp teeth.
You have supernaturally acute eyesight.
You are carnivorous and can eat meat at any time.
You cover ground quickly.
You are covered in fur (AC +1).
You have a slow metabolism.
Your sharp claws are effective at attacking unaware monsters.
You have a pair of horns on your head.


Message History

The kobold zaps a wand.
You feel as though you will be slow longer.
The gnoll hits you from afar with a spear.
* * * LOW HITPOINT WARNING * * *
Things that are here:
an uncursed club; an uncursed hunting sling; 25 stones
Casting: Beastly Appendage
Confirm with . or Enter, or press ? or * to list all spells.
You grow a pair of large bovine horns.
The kobold zaps a wand.
You feel as though you will be slow longer.
The gnoll misses you.
The kobold zaps a wand.
You resist with some effort.
The kobold zaps a wand.
You resist with some effort.
The kobold zaps a wand.
You resist with some effort. The kobold misses you.
You claw the kobold!
You kill the kobold!
Your transformation is almost over.
The gnoll hits you but does no damage. The gnoll closely misses you.
The gnoll hits you from afar with a spear.
You die...

.........##......#.# #......
.........).......#.###### #......
.........##.............###......
#........##......................
.........##......#.#######.#.....
.........####.#..........#.######
.........## #.#....>.....#.......
..........###.#..................
..............#.@........########
#..........#####........## #
##.......### #g######## #
##......(# #.# ...# # #.......#
#.#


gKg# # #.......# #.# ..[# # ##.....## #/# ... ##...## #.###'# ##### #.).g.# You
could see a gnoll.

Vanquished Creatures
  3 adders
  3 giant geckos
  A bat (D:1)
  3 hobgoblins
  5 jackals (D:1)
  7 kobolds
  A ball python (D:2)
  2 giant cockroaches (D:1)
  A giant newt (D:1)
  3 goblins
  5 rats
34 creatures vanquished.

Notes
Turn   | Place    | Note
--------------------------------------------------------------
     0 | D:1      | Goblin1989 the Felid Transmuter began the quest for the Orb.
     0 | D:1      | Reached XP level 1. HP: 9/9 MP: 4/4
    67 | D:1      | Reached skill level 1 in Stealth
   480 | D:1      | Reached XP level 2. HP: 12/12 MP: 4/6
  1154 | D:1      | Reached XP level 3. HP: 13/15 MP: 5/7
  1637 | D:2      | Found a faded altar to an unknown god.
  1758 | D:2      | Reached skill level 4 in Unarmed Combat
  1921 | D:2      | Learned a level 2 spell: Sticks to Snakes
  1989 | D:2      | Found a snail-covered altar of Cheibriados.
  2023 | D:2      | Slain by a gnoll

Vault maps used:
D:1:      minmay_arrival_three_doors, minmay_misc_feat_iff
D:2:      cheibriados_altar_wand_db, ecumenical_altar_1

Action                   || total
-------------------------++-------
Melee: Unarmed           ||    91
 Cast: Beastly Appendage ||    26
  Use: Scroll            ||     3
 Stab: Sleeping          ||     3
  Eat: Chunk             ||     9
